 Dungeon Crawl Stone Soup version 0.26-a0-695-g987792a (webtiles) character file.

Game seed: 14810551005378340794

294508 Mopster the Executioner (level 20, -8/241 HPs)
             Began as a Minotaur Berserker on Oct 24, 2020.
             Was a High Priest of Trog.
             Mangled by an azure jelly (36 damage)
             ... created by the Royal Jelly
             ... on level 4 of the Pits of Slime on Oct 25, 2020.
             The game lasted 03:54:59 (51270 turns).

Mopster the Executioner (Minotaur Berserker)       Turns: 51270, Time: 03:55:00

Health: -8/241     AC: 34    Str: 23    XL:     20   Next: 3%
Magic:  19/19      EV: 13    Int:  4    God:    Trog [*****.]
Gold:   2169       SH:  0    Dex: 20    Spells: 19/19 levels left

rFire    . . .     SeeInvis .   X - +8 executioner's axe
rCold    . . .     Faith    +   (shield currently unavailable)
rNeg     . . .     Spirit   .   c - +7 crystal plate armour
rPois    +         Reflect  .   e - +2 hat
rElec    .         Harm     .   C - +0 cloak
rCorr    +         Rampage  .   J - +2 pair of gloves {archery}
MR       +....     Rnd*Rage +   Z - +0 pair of boots
Stlth    ..........             m - amulet of faith
HPRegen  0.50/turn              f - ring of poison resistance
MPRegen  0.16/turn              v - ring of resist corrosion

@: mighty, berserking (expiring), corroded, very quick
A: retaliatory headbutt, horns 2, talons 1, molten scales 1, agile 1, berserk 1,
frail 2, shaggy fur 2, evolution 1, subdued magic 1, MP-powered wands
}: 2/15 runes: barnacled, gossamer
a: Berserk, Trog's Hand, Brothers in Arms, Renounce Religion


You were on level 4 of the Pits of Slime.
You worshipped Trog.
Trog was extremely pleased with you.
You visited 6 branches of the dungeon, and saw 36 of its levels.
You visited the Abyss 3 times.
You also visited: Gauntlet and Ice Cave.

You collected 4132 gold pieces.
You spent 1963 gold pieces at shops.

Inventory:

Hand Weapons
 h - a +5 battleaxe
 F - a +1 vorpal battleaxe
 U - the +8 battleaxe "Zouczuka" {venom, rElec rF++ rN+}
   (You bought it in a shop on level 2 of the Orcish Mines)

   It poisons the flesh of those it strikes.
   It greatly protects you from fire.
   It insulates you from electricity.
   It protects you from negative energy.
 W - a +7 antimagic battleaxe
 X - a +8 executioner's axe (weapon)
Armour
 c - a +7 crystal plate armour (worn)
 e - a +2 hat (worn)
 t - quicksilver dragon scales
 C - a +0 cloak (worn)
 J - a +2 pair of gloves of archery (worn)
 R - a +0 plate armour of fire resistance
 Z - a +0 pair of boots (worn)
Jewellery
 f - a ring of poison resistance (left hand)
 g - the ring "Qentet" {rElec MR+ Dex+4 Stlth+}
   (You found it in a Gauntlet)

   [ring of protection from magic]

   It affects your dexterity (+4).
   It insulates you from electricity.
   It affects your resistance to hostile enchantments.
   It makes you more stealthy.
 m - an amulet of faith (around neck)
 n - an uncursed ring of protection from fire
 v - a ring of resist corrosion (right hand)
 D - an uncursed ring of protection from magic
 V - the ring "Isythips" {Slay+4 SInv}
   (You bought it in a shop on level 2 of the Orcish Mines)

   [ring of see invisible]

   It affects your accuracy and damage with ranged weapons and melee attacks
   (+4).
   It lets you see invisible.
 Y - an uncursed ring of protection from cold
Wands
 y - a wand of polymorph (26)
 I - a wand of paralysis (42)
 L - a wand of disintegration (46)
 N - a wand of enslavement (5)
 T - a wand of digging (22)
Scrolls
 a - 6 scrolls of immolation
 i - 2 scrolls of fog
 l - 5 scrolls of teleportation
 q - 6 scrolls of remove curse
 x - 9 scrolls of identify
 G - 4 scrolls of magic mapping
 K - 5 scrolls of fear
 O - a scroll of holy word
 P - 2 scrolls of vulnerability
Potions
 b - 3 potions of berserk rage
 k - a potion of haste
 r - 7 potions of curing
 w - 3 potions of flight
 A - 4 potions of cancellation
 B - 3 potions of stabbing
 H - 7 potions of might
 S - 4 potions of invisibility
Miscellaneous
 d - a phial of floods
 j - a phantom mirror
 o - a tin of tremorstones (3/3)
 p - a tin of tremorstones (3/3)


   Skills:
 + Level 22.4 Fighting
 * Level 25.0 Axes
 + Level 18.5 Armour
 * Level 12.7 Dodging
 - Level 4.0 Stealth
 + Level 0.7 Evocations


You had 19 spell levels left.
You didn't know any spells.
Your spell library contained the following spells:

 Spells                   Type           Power        Failure   Level
 Corona                   Hex            #......      100%        1
 Freeze                   Ice            #...         100%        1
 Summon Small Mammal      Summ           #...         100%        1
 Call Imp                 Summ           #.......     100%        2
 Slow                     Hex            #.......     100%        2
 Sublimation of Blood     Necr           #.........   100%        2
 Call Canine Familiar     Summ           #.......     100%        3
 Frozen Ramparts          Ice            #.....       100%        3
 Ignite Poison            Fire/Tmut/Pois #.......     100%        3
 Inner Flame              Hex/Fire       #.......     100%        3
 Ozocubu's Armour         Ice            #.......     100%        3
 Portal Projectile        Hex/Tloc       #.....       100%        3
 Summon Guardian Golem    Hex/Summ       #.......     100%        3
 Cause Fear               Hex            #.........   100%        4
 Hailstorm                Conj/Ice       #.......     100%        4
 Leda's Liquefaction      Hex/Erth       #.........   100%        4
 Petrify                  Tmut/Erth      #.......     100%        4
 Summon Ice Beast         Ice/Summ       #.......     100%        4
 Summon Lightning Spire   Summ/Air       #.......     100%        4
 Alistair's Intoxication  Tmut/Pois      #........    100%        5
 Irradiate                Conj/Tmut      #.........   100%        5
 Silence                  Hex/Air        #.........   100%        5
 Conjure Ball Lightning   Conj/Air       #.........   100%        6
 Eringya's Noxious Bog    Tmut/Pois      #.........   100%        6
 Malign Gateway           Summ/Tloc      #.........   100%        7
 Monstrous Menagerie      Summ           #.........   100%        7
 Summon Greater Demon     Summ           #.........   100%        7
 Summon Horrible Things   Summ           #.........   100%        8
 Tornado                  Air            #.........   100%        9


Dungeon Overview and Level Annotations

Branches:
Dungeon (15/15)            Temple (0/1) D:6            Lair (6/6) D:10
 Shoals (4/4) Lair:4       Spider (4/4) Lair:3        Slime (5/5) Lair:6
    Orc (2/2) D:9             Elf (0/3) Orc:2        Vaults (0/5) D:14
 Depths (0/5) D:15          IceCv (visited)         Gauntlet (visited)

Altars:
Ashenzari
Cheibriados
Dithmenos
Elyvilon
Fedhas
Hepliaklqana
Makhleb
Qazlal
Trog
Uskayaw
Vehumet
Xom
The Shining One
Jiyva

Shops:
D:11 *   D:12 (   D:14 *   Orc:2 *!=[(   Shoals:3 (

Annotations:
Shoals:3 2 runed translucent doors, Bismoefala's ghost, adept DsWz
Shoals:4 1 runed translucent door, Gigglenaut's ghost, adept DsIE
Slime:5 Royal Jelly


Innate Abilities, Weirdness & Mutations

You reflexively headbutt those who attack you in melee.
You have a pair of horns on your head.
You have sharp toenails.
You are partially covered in molten scales. (AC +2)
You are agile. (Dex +2)
You tend to lose your temper in combat.
You are very frail. (-20% HP)
You are covered in thick fur. (AC +2)
You evolve.
Your spells are a little easier to cast, but a little less powerful.
You expend magic power (3 MP) to strengthen your wands.


Message History

You are splashed with acid!
You resist.
* * * LOW HITPOINT WARNING * * *
You climb upwards.
You feel a strong urge to attack something.
There is a stone staircase leading down here.
You hit the azure jelly but do no damage.
The azure jelly is heavily wounded.
You chop the acid blob into pieces!!!
You kill the acid blob!
That felt strangely unrewarding.
You slash the acid blob!
Your hands burn!
* * * LOW HITPOINT WARNING * * *
You slash the azure jelly! You slash the acid blob!
You kill the acid blob!
That felt strangely unrewarding.
You barely miss the death ooze. The acid blob closely misses you.
The azure jelly hits you but does no damage.
The azure jelly hits you.
* * * LOW HITPOINT WARNING * * *
The azure jelly freezes you!!!
You die...

##.......###...#...##....
#.........#.....#.##.....
#####.........#...#.........
###.####.#..........##......#.
##.......##....................
#..........#...................
##................<......#.....
##.###........J........##.....
##.####.....J@J.........#.....
#...#.#.....J.......#.........
##....................#.##.....
#..............................
##....................#.#......
##....................##...#...
#............^.........#..##...
#.............#...........##...
##.#........####...#......###..


You could see an acid blob, 2 azure jellies and a death ooze.

Vanquished Creatures
  Dissolution (Slime:3)
  28 acid blobs
  A quicksilver dragon (Abyss:2)
  A kraken (Shoals:1)
  A tentacled starspawn (Abyss:3)
  A fire giant (D:13)
  8 azure jellies
  4 ghost moths
  Louise (D:15)
  9 emperor scorpions
  3 entropy weavers (Spider:2)
  A deep elf annihilator (D:13)
  A minotaur (Gauntlet)
  2 spark wasps
  A green death (Abyss:2)
  Snorg (D:11)
  15 death oozes
  11 merfolk javelineers
  8 merfolk impalers (Shoals:4)
  4 great orbs of eyes
  A vault guard (D:14)
  A rakshasa (Abyss:2)
  5 boulder beetles
  4 hydras
  9 merfolk aquamancers
  2 merfolk avatars
  2 alligator snapping turtles
  A catoblepas (Lair:6)
  A centaur warrior (D:14)
  2 death knights (D:15)
  3 two-headed ogres
  An orc high priest (Orc:2)
  A tengu warrior (D:14)
  12 death yaks
  A queen ant (Spider:2)
  A satyr (Shoals:3)
  Urug (D:10)
  A vampire mage (D:15)
  3 thrashing horrors
  Nergalle (D:10)
  2 spatial maelstroms (Abyss:2)
  A sixfirhy (Abyss:3)
  3 skeletal warriors (D:15)
  2 unseen horrors
  19 sea snakes
  A spark wasp zombie (D:15)
  Pikel (D:9)
  17 harpies
  4 orc knights
  A phantasmal warrior (Abyss:2)
  An obsidian statue (Gauntlet)
  A necromancer (D:15)
  A harpy (shapeshifter) (Abyss:2)
  16 orb spiders
  8 fauns
  A stone giant zombie (D:15)
  25 wolf spiders
  4 oklob plants (Lair:6)
  A worldbinder (Abyss:2)
  8 ugly things
  A moth of wrath (Spider:4)
  15 elephants
  Maurice (Orc:2)
  15 manticores
  4 shining eyes
  A stone giant skeleton (Abyss:2)
  9 cyclopes
  9 water nymphs
  9 merfolk sirens
  A centaur zombie (D:12)
  2 ice statues (IceCv)
  4 smoke demons (Abyss:2)
  2 gargoyles
  4 black mambas
  A cane toad (shapeshifter) (Abyss:3)
  4 eyes of devastation
  4 torpor snails
  14 cane toads
  2 centaur skeletons
  4 rime drakes (Lair:6)
  14 komodo dragons
  3 efreet
  7 demonic crawlers
  A rime drake (shapeshifter) (D:13)
  A hellwing (Abyss:2)
  2 tengu conjurers
  2 freezing wraiths (D:15)
  2 ice devils (Orc:2)
  25 jumping spiders
  4 hornets
  5 ancient zymes (Abyss:2)
  37 merfolk
  2 trolls
  A harpy skeleton (D:14)
  12 polar bears
  11 blink frogs
  7 wind drakes
  A tyrant leech (Lair:5)
  A fire dragon zombie (D:15)
  104 slime creatures
  8 snapping turtles
  14 dream sheep
  A raiju (Abyss:2)
  A frost giant simulacrum (Abyss:2)
  7 flying skulls (Abyss:2)
  9 large abominations
  2 vampires (D:14)
  A wraith (D:11)
  3 shadows
  53 redbacks
  8 wyverns
  12 water elementals
  A fire bat (Abyss:2)
  A ynoxinul (Abyss:2)
  An ice dragon skeleton (D:15)
  14 tarantellas
  47 yaks
  A fire elemental (D:14)
  4 golden eyes (Slime:4)
  5 basilisks
  2 neqoxecs (Abyss:2)
  4 small abominations (Abyss:2)
  2 vampire mosquitoes (Lair:4)
  A spatial vortex (Abyss:2)
  5 insubstantial wisps
  12 soldier ants (Spider:2)
  2 wargs (Orc:2)
  4 swamp worms (Lair:5)
  3 acid dragons
  18 water moccasins
  A hell hound (Abyss:2)
  29 orc warriors
  6 sky beasts
  5 black bears
  2 hornet zombies
  6 ice beasts
  9 ogres
  8 eyes of draining
  35 centaurs
  A necrophage (D:11)
  16 wolves
  6 phantoms
  15 bullfrogs
  A big kobold (D:12)
  A gnoll sergeant (D:11)
  7 scorpions
  A water moccasin skeleton (D:4)
  4 troll zombies (D:9)
  16 wights
  An electric eel (Lair:4)
  8 howler monkeys
  34 starcursed masses (Abyss:2)
  3 quasits
  5 hounds
  5 jellies
  Crazy Yiuf (D:7)
  A bullfrog skeleton (D:9)
  13 orc priests
  25 orc wizards
  An iron imp (Abyss:2)
  3 iguanas
  7 hell rats (Lair:4)
  26 worker ants
  4 ogre zombies (D:9)
  A hound skeleton (D:4)
  3 mummies (D:11)
  A worker ant zombie (D:11)
  9 adders
  8 gnolls
  A shadow imp (D:9)
  6 white imps
  An ufetubus (Abyss:2)
  An ooze (D:3)
  An adder skeleton (D:9)
  An adder zombie (D:6)
  5 worms
  2 dart slugs
  6 leopard geckos
  68 orcs
  7 bats
  4 giant cockroaches
  8 goblins
  5 hobgoblins
  2 jackals (D:1)
  A quokka (D:3)
  2 ball pythons
  A ball python skeleton (D:5)
  4 frilled lizards
  2 goblin zombies (D:9)
  A hobgoblin skeleton (D:9)
  2 hobgoblin zombies (D:9)
  5 kobolds
  A leopard gecko skeleton (D:4)
  20 orc zombies (D:9)
  A quokka skeleton (D:4)
  7 rats
  A starspawn tentacle (Abyss:3)
  3 tentacles (Shoals:1)
1363 creatures vanquished.

Vanquished Creatures (collateral kills)
  A tentacled starspawn (Abyss:2)
  Ilsuiw (Shoals:4)
  3 merfolk javelineers (Shoals:4)
  2 merfolk impalers (Shoals:4)
  A death ooze (Slime:5)
  A hydra (D:14)
  2 wretched stars (Abyss:2)
  An orb spider (Spider:4)
  An ugly thing (IceCv)
  A wolf spider (Spider:3)
  2 cyclopes
  A manticore (Shoals:4)
  A centaur zombie (D:15)
  2 merfolk sirens
  A water nymph (Shoals:2)
  An eye of devastation (shapeshifter) (D:13)
  A demonic crawler (Spider:3)
  A jumping spider (Spider:4)
  2 merfolk
  A wind drake (Shoals:4)
  6 dream sheep
  A snapping turtle (Shoals:4)
  A redback (Spider:4)
  A water elemental (Shoals:4)
  A water moccasin (Lair:5)
  5 ice beasts (IceCv)
  An orc (Orc:2)
43 creatures vanquished.

Vanquished Creatures (others)
  A komodo dragon (Lair:6)
  A swamp drake (Lair:4)
  A bush (Lair:6)
  105 fungi
  A lurking horror (Abyss:2)
  216 plants
  6 starspawn tentacles
  15 tentacles (Shoals:1)
  15 withered plants
361 creatures vanquished.

Grand Total: 1767 creatures vanquished

Notes
Turn   | Place    | Note
-------+----------+-------------------------------------------
     0 | D:1      | Mopster the Minotaur Berserker began the quest for the Orb.
     0 | D:1      | Reached XP level 1. HP: 19/19 MP: 0/0
   303 | D:1      | Reached XP level 2. HP: 27/27 MP: 1/1
   306 | D:1      | Reached skill level 4 in Axes
   969 | D:2      | Reached XP level 3. HP: 31/33 MP: 2/2
  1164 | D:2      | Found a shadowy altar of Dithmenos.
  1164 | D:2      | Found a bloodstained altar of Trog.
  1236 | D:2      | Reached ** piety under Trog
  1769 | D:3      | Reached XP level 4. HP: 25/41 MP: 3/3
  1870 | D:3      | Reached skill level 5 in Axes
  2221 | D:3      | Reached XP level 5. HP: 47/47 MP: 4/4
  2226 | D:3      | Reached skill level 6 in Axes
  2438 | D:3      | Gained mutation: You have large cloven feet. [potion of
                  | mutation]
  2438 | D:3      | Gained mutation: You are clumsy. (Dex -2) [potion of
                  | mutation]
  2438 | D:3      | Gained mutation: You are covered in fur. (AC +1) [potion of
                  | mutation]
  2441 | D:3      | Lost mutation: You have large cloven feet. [potion of
                  | mutation]
  2441 | D:3      | Lost mutation: You are clumsy. (Dex -2) [potion of
                  | mutation]
  2441 | D:3      | Gained mutation: You are agile. (Dex +2) [potion of
                  | mutation]
  2441 | D:3      | Gained mutation: You are partially covered in molten
                  | scales. (AC +2) [potion of mutation]
  2538 | D:3      | Found a radiant altar of Vehumet.
  2545 | D:3      | Reached skill level 5 in Fighting
  2691 | D:3      | Found a white marble altar of Elyvilon.
  2780 | D:3      | Reached *** piety under Trog
  2785 | D:3      | Reached XP level 6. HP: 55/56 MP: 5/5
  3058 | D:4      | Reached skill level 1 in Stealth
  3156 | D:4      | Reached skill level 7 in Axes
  3183 | D:4      | Found a glowing golden altar of the Shining One.
  3268 | D:4      | Reached XP level 7. HP: 61/61 MP: 6/6
  3519 | D:4      | Reached skill level 8 in Axes
  4373 | D:5      | Entered Level 5 of the Dungeon
  4518 | D:5      | Found a shimmering altar of Xom.
  4672 | D:5      | Found a blossoming altar of Fedhas.
  4823 | D:5      | Reached skill level 9 in Axes
  5398 | D:6      | Reached XP level 8. HP: 70/70 MP: 7/7
  5648 | D:6      | Found a staircase to the Ecumenical Temple.
  5661 | D:6      | Found Sauriask's Jewellery Boutique.
  5707 | D:6      | Reached **** piety under Trog
  6091 | D:6      | Found a hazy altar of Hepliaklqana.
  6278 | D:7      | Reached skill level 10 in Axes
  6922 | D:7      | Found a hide-covered altar of Uskayaw.
  6969 | D:7      | Reached XP level 9. HP: 72/78 MP: 8/8
  7343 | D:7      | Found a runed translucent door.
  7344 | D:7      | Noticed Crazy Yiuf
  7349 | D:7      | Killed Crazy Yiuf
  7519 | D:8      | Found a stormy altar of Qazlal.
  7768 | D:8      | Reached skill level 11 in Axes
  7768 | D:8      | Reached skill level 5 in Armour
  7892 | D:8      | Reached skill level 5 in Dodging
  7972 | D:8      | Found a broken altar of Ashenzari.
  8196 | D:9      | Found a staircase to the Orcish Mines.
  8344 | D:9      | Reached ***** piety under Trog
  8406 | D:9      | Reached skill level 12 in Axes
  8717 | D:9      | Found a snail-covered altar of Cheibriados.
  8780 | D:9      | Found a burning altar of Makhleb.
  8857 | D:9      | Noticed Pikel
  8865 | D:9      | Killed Pikel
  9063 | D:9      | Reached XP level 10. HP: 88/88 MP: 9/9
  9448 | D:10     | Entered Level 10 of the Dungeon
  9448 | D:10     | Noticed Nergalle
  9461 | D:10     | Killed Nergalle
  9461 | D:10     | Reached skill level 13 in Axes
  9693 | D:10     | Received a gift from Trog
  9811 | D:10     | Noticed Urug
  9829 | D:10     | Killed Urug
  9847 | D:10     | Found a staircase to the Lair.
  9869 | D:10     | Reached skill level 14 in Axes
  9915 | D:10     | Found a stormy altar of Qazlal.
  9917 | D:10     | Noticed a two-headed ogre
  9927 | D:10     | Killed a two-headed ogre
 10338 | D:10     | Reached XP level 11. HP: 96/97 MP: 10/10
 10440 | D:10     | Found a hide-covered altar of Uskayaw.
 11234 | D:11     | Reached skill level 15 in Axes
 11237 | D:11     | Reached skill level 10 in Fighting
 11375 | D:11     | You fall into a shaft and drop 1 floor!
 11444 | D:12     | Noticed an eight-headed hydra
 11888 | D:12     | Found Jeceagh's Weapon Boutique.
 12073 | D:11     | Noticed Snorg
 12085 | D:11     | Killed Snorg
 13162 | D:11     | Killed an unseen horror
 13162 | D:11     | Reached skill level 16 in Axes
 13361 | D:11     | You fall into a shaft and drop 3 floors!
 13378 | D:14     | Noticed a centaur warrior
 13566 | D:11     | Found Paruep's General Store.
 13735 | D:12     | Killed a 14-headed hydra
 13735 | D:12     | Received a gift from Trog
 13735 | D:12     | Reached XP level 12. HP: 110/110 MP: 11/11
 14736 | D:13     | Reached skill level 17 in Axes
 15076 | D:13     | Found a runed translucent door.
 15079 | D:13     | Noticed a fire giant
 15103 | D:13     | Killed a fire giant
 15163 | D:13     | Noticed an anaconda
 15172 | D:13     | Noticed a deep elf annihilator
 15193 | D:13     | Killed a deep elf annihilator
 15568 | D:14     | Found Yskimp's Assorted Antiques.
 15576 | D:14     | Bought a scroll of identify for 74 gold pieces
 15576 | D:14     | Bought a scroll labeled FIZ VUOKLING for 37 gold pieces
 15578 | D:14     | Bought a scroll of magic mapping for 129 gold pieces
 15578 | D:14     | Bought a scroll of identify for 74 gold pieces
 15624 | D:14     | Killed a centaur warrior
 15634 | D:14     | Noticed a boulder beetle
 15694 | D:14     | Killed a boulder beetle
 15914 | D:14     | Noticed a tengu warrior
 15927 | D:14     | Killed a tengu warrior
 15927 | D:14     | Reached skill level 18 in Axes
 16047 | D:14     | Noticed a two-headed ogre
 16062 | D:14     | Killed a two-headed ogre
 16254 | D:14     | Reached skill level 10 in Armour
 16390 | D:14     | Reached XP level 13. HP: 115/119 MP: 12/12
 16720 | D:14     | Found a gate to the Vaults.
 17290 | D:15     | Entered Level 15 of the Dungeon
 17403 | D:15     | Found a gate leading to a gauntlet.
 17435 | Gauntlet | Entered a Gauntlet
 17435 | Gauntlet | Found a transporter.
 17508 | Gauntlet | Found a transporter.
 17515 | Gauntlet | Found a transporter.
 17515 | Gauntlet | Found a transporter.
 17520 | Gauntlet | Found a transporter.
 17520 | Gauntlet | Found a transporter.
 17529 | Gauntlet | Found a transporter.
 17531 | Gauntlet | Found a transporter.
 17545 | Gauntlet | Found a transporter.
 17562 | Gauntlet | Found a transporter.
 17566 | Gauntlet | Found a transporter.
 17574 | Gauntlet | Found a transporter.
 17647 | Gauntlet | Found a runed translucent door.
 17812 | Gauntlet | Reached skill level 19 in Axes
 17844 | Gauntlet | Got a sparkling turquoise ring
 17858 | Gauntlet | Identified the ring "Qentet" {rElec MR+ Dex+4 Stlth+} (You
                  | found it in a Gauntlet)
 17951 | Gauntlet | Noticed a minotaur
 17959 | Gauntlet | Killed a minotaur
 18408 | D:15     | Noticed Louise
 18424 | D:15     | Killed Louise
 18520 | D:15     | Found a staircase to the Depths.
 20256 | Orc:1    | Entered Level 1 of the Orcish Mines
 20392 | Orc:2    | Entered Level 2 of the Orcish Mines
 20445 | Orc:2    | Found Enenipn's Weapon Shop.
 20447 | Orc:2    | Reached XP level 14. HP: 95/129 MP: 13/13
 20498 | Orc:2    | Found a staircase to the Elven Halls.
 20498 | Orc:2    | Noticed Maurice
 20512 | Orc:2    | Found a frozen archway.
 20519 | IceCv    | Entered an ice cave
 20529 | IceCv    | Found a transporter.
 20728 | IceCv    | Identified a scroll of acquirement
 20729 | IceCv    | Acquired a +1 crystal plate armour
 20764 | IceCv    | Found a transporter.
 21049 | Orc:2    | Reached skill level 20 in Axes
 21060 | Orc:2    | Killed Maurice
 21464 | Orc:2    | Received a gift from Trog
 21823 | Orc:2    | Bought the +8 battleaxe "Zouczuka" {venom, rElec rF++ rN+}
                  | for 1002 gold pieces
 21957 | Orc:2    | Found Huoploom's Jewellery Shoppe.
 21957 | Orc:2    | Found Rezoh's Distillery.
 21959 | Orc:2    | Found Xarchoar's Antique Armour Emporium.
 21961 | Orc:2    | Found Jichamou's General Store.
 21972 | Orc:2    | Bought the ring "Isythips" {Slay+4 SInv} for 582 gold
                  | pieces
 22296 | Orc:2    | Bought a potion of heal wounds for 65 gold pieces
 22398 | Lair:1   | Entered Level 1 of the Lair of Beasts
 23093 | Lair:1   | Found a glowing golden altar of the Shining One.
 23452 | Lair:2   | Reached skill level 15 in Fighting
 24334 | Lair:3   | Found a hole to the Spider Nest.
 25119 | Lair:4   | Reached ****** piety under Trog
 25191 | Lair:4   | Received a gift from Trog
 25284 | Lair:4   | Found a staircase to the Shoals.
 25682 | Lair:5   | Reached XP level 15. HP: 144/145 MP: 14/14
 26861 | Lair:6   | Entered Level 6 of the Lair of Beasts
 27246 | Lair:6   | Found a staircase to the Slime Pits.
 27474 | Lair:6   | Received a gift from Trog
 28757 | Spider:1 | Entered Level 1 of the Spider Nest
 28761 | Spider:1 | Reached skill level 15 in Armour
 29042 | Spider:1 | Received a gift from Trog
 30013 | Spider:2 | Reached XP level 16. HP: 160/160 MP: 15/15
 31603 | Spider:3 | Received a gift from Trog
 32079 | Spider:4 | Entered Level 4 of the Spider Nest
 32469 | Spider:4 | HP: 7/162 [disintegration (58)]
 33384 | Spider:4 | Received a gift from Trog
 34660 | Spider:4 | Reached XP level 17. HP: 172/172 MP: 1/16
 34774 | Spider:4 | Got a gossamer rune of Zot
 35139 | Shoals:1 | Entered Level 1 of the Shoals
 35359 | Shoals:1 | Received a gift from Trog
 35378 | Shoals:1 | Reached skill level 10 in Dodging
 35805 | Shoals:1 | Noticed a kraken
 35826 | Shoals:1 | Killed a kraken
 36571 | Shoals:1 | Upgraded the game from 0.26-a0-690-gcb57259 to
                  | 0.26-a0-695-g987792a
 37183 | Shoals:2 | Received a gift from Trog
 38925 | Shoals:3 | Found a large runed translucent door.
 38925 | Shoals:3 | Found a large runed translucent door.
 38926 | Shoals:3 | Noticed Bismoefala's ghost (adept DsWz)
 39072 | Shoals:3 | Received a gift from Trog
 39262 | Shoals:3 | Identified the +1 chain mail "Seadiz" {Int+4 Dex+4}
 39512 | Shoals:3 | Found Tussuss's Antique Weapon Shoppe.
 39614 | Shoals:4 | Entered Level 4 of the Shoals
 39614 | Shoals:4 | Found a runed translucent door.
 39614 | Shoals:4 | Noticed Gigglenaut's ghost (adept DsIE)
 40115 | Shoals:4 | Reached skill level 21 in Axes
 40195 | Shoals:4 | Noticed Ilsuiw
 40228 | Shoals:4 | Killed Ilsuiw
 40228 | Shoals:4 | Received a gift from Trog
 40515 | Shoals:4 | Reached XP level 18. HP: 182/182 MP: 17/17
 40536 | Shoals:4 | Cast into level 2 of the Abyss (merfolk impaler)
 41000 | Abyss:2  | Received a gift from Trog
 41353 | Shoals:4 | Escaped the Abyss
 42109 | Shoals:4 | Cast into level 3 of the Abyss (merfolk impaler)
 42115 | Abyss:3  | Got a dazzling ring mail
 42224 | Shoals:4 | Escaped the Abyss
 42240 | Shoals:4 | Cast into level 2 of the Abyss (merfolk impaler)
 42321 | Abyss:2  | Reached skill level 22 in Axes
 42424 | Abyss:2  | Paralysed by accursed screaming for 1 turns
 42478 | Abyss:2  | Gained mutation: Your body sometimes deteriorates upon
                  | taking damage. [a neqoxec]
 42590 | Shoals:4 | Escaped the Abyss
 44177 | Shoals:4 | Got a barnacled rune of Zot
 45292 | Slime:1  | Entered Level 1 of the Pits of Slime
 45414 | Slime:1  | Reached skill level 23 in Axes
 45985 | Slime:2  | Reached XP level 19. HP: 191/191 MP: 18/18
 46067 | Slime:2  | Found a viscous altar of Jiyva.
 46213 | Slime:1  | Identified the +2 ring mail of Borchusa {rN+ MR- Dex+3}
                  | (You found it on level 3 of the Abyss)
 47045 | Slime:3  | Noticed Dissolution
 47053 | Slime:3  | Killed Dissolution
 47373 | Slime:4  | Reached skill level 24 in Axes
 47403 | Slime:4  | Gained mutation: You evolve. [a shining eye]
 47405 | Slime:4  | Gained mutation: You are frail. (-10% HP) [a shining eye]
 47739 | Slime:4  | Gained mutation: Your magical capacity is low. (-10% MP) [a
                  | shining eye]
 48048 | Slime:4  | Gained mutation: Armour fits poorly on your strangely
                  | shaped body. [a shining eye]
 48053 | Slime:4  | Gained mutation: Your spells are a little easier to cast,
                  | but a little less powerful. [a shining eye]
 48055 | Slime:4  | Gained mutation: You tend to lose your temper in combat. [a
                  | shining eye]
 49223 | Lair:6   | Lost mutation: Your spells are a little easier to cast, but
                  | a little less powerful. [potion of mutation]
 49223 | Lair:6   | Lost mutation: Your body sometimes deteriorates upon taking
                  | damage. [potion of mutation]
 49223 | Lair:6   | Lost mutation: Armour fits poorly on your strangely shaped
                  | body. [potion of mutation]
 49223 | Lair:6   | Gained mutation: You are covered in thick fur. (AC +2)
                  | [potion of mutation]
 49223 | Lair:6   | Lost mutation: Your magical capacity is low. (-10% MP)
                  | [potion of mutation]
 49396 | Slime:1  | Received a gift from Trog
 49398 | Slime:1  | Gained mutation: You are very frail. (-20% HP) [a shining
                  | eye]
 49400 | Slime:1  | Gained mutation: You expend magic power (3 MP) to
                  | strengthen your wands. [a shining eye]
 50159 | Slime:3  | Gained mutation: You have sharp toenails. [evolution]
 50453 | Slime:5  | Entered Level 5 of the Pits of Slime
 50467 | Slime:5  | Paralysed by a great orb of eyes for 3 turns
 50556 | Slime:5  | Gained mutation: Your spells are a little easier to cast,
                  | but a little less powerful. [a shining eye]
 50962 | Slime:5  | Reached skill level 25 in Axes
 50962 | Slime:5  | Reached XP level 20. HP: 156/161 MP: 19/19
 50997 | Slime:5  | Noticed the Royal Jelly
 51270 | Slime:4  | Mangled by an azure jelly

Illustrated notes

Levels and vault maps discovered:
D:1:      dpeg_arrival_snail, layout_rooms, hangedman_decor_push,
          minmay_misc_feat_ornament
D:2:      layout_basic, minitemple
D:3:      cheibrodos_pilgrimage, layout_basic, vehumet_crystals,
          nicolae_overflow_hidden_temple, kennysheep_generic_room_11
D:4:      layout_layer_cave, overflow_temple_1_default, grunt_decor_clamped
D:5:      layout_basic, xom_teletrap_fun, kennysheep_mini_moat
D:6:      layout_gridville, lemuel_coloured_pillars_altar,
          minmay_temple_entry_ruins, serial_shops, shop, serial_glass,
          glass_columns_a, glass_columns_c, glass_columns_c, glass_columns_b,
          glass_columns_a, glass_columns_a, glass_columns_a, glass_columns_a,
          glass_columns_a, glass_columns_a, glass_columns_c, glass_columns_b,
          glass_columns_c, glass_columns_a
D:7:      layout_basic, eat_drink_and_be_merry_uskayaw, nrook_loot_triangle,
          uniq_crazy_yiuf_cottage
D:8:      layout_basic, grunt_qazlal_sundering, lemuel_doored_altar
D:9:      kennysheep_ambush_hall, layout_layer_cave, kennysheep_mini,
          nicolae_overflow_crystal_walls, zombieorc2_lemuel, uniq_pikel
D:10:     layout_cave_pods, due_lair_maze_entry_diamond,
          hangedman_feature_mirror, uniq_nergalle, uniq_urug
D:11:     layout_irregular_city, serial_undead, serial_undead_e,
          serial_undead_c, serial_undead_d, serial_undead_a, serial_undead_d,
          serial_undead_f, serial_shops, shop, uniq_snorg
D:12:     layout_gridville, serial_shops, shop
D:13:     layout_stronghold, minivault_13
D:14:     layout_long_grid, david_vaults_5, kennysheep_crisscross, serial_shops,
          shop
D:15:     gammafunk_depths_entry_grave, layout_irregular_city,
          gauntlet_entry_generic, uniq_louise
Lair:1:   layout_loops_ring, lemuel_centaur_altar, grunt_megastairs_1
Lair:2:   layout_regular_city
Lair:3:   layout_long_grid, spider_nest_entry_funnel_web, minmay_hedge_maze,
          hangedman_lair_generics_rect
Lair:4:   layout_long_grid, shoals_dummy_entry, nicolae_quartered_pool_medium,
          pond
Lair:5:   layout_regular_city, eino_small_chamber_without_monster, worms_lemuel
Lair:6:   gammafunk_lair_ancient_temple, layout_cellular_growth,
          minmay_slime_entry_oklob_enclosed, lookout_lair_type
Shoals:1: cheibrodos_shoals_three_sisters, layout_shoals
Shoals:2: layout_shoals
Shoals:3: layout_shoals, ebering_ghost_disaster_area, serial_shops,
          nicolae_shop_crystal, nicolae_shoals_water_elemental_grotto
Shoals:4: shoals_end_simple, layout_shoals, shoals_ilsuiw_alternative,
          gammafunk_ghost_grave, ldierk_geyser
Spider:1: layout_spider_delve
Spider:2: layout_spider_delve, minmay_another_anthill
Spider:3: layout_spider_delve
Spider:4: grunt_spider_rune_circles
Slime:1:  layout_caves
Slime:2:  layout_caves, basic_altar
Slime:3:  layout_caves, dissolution_awaits
Slime:4:  layout_caves, cheibrodos_slime_lost_civilization_7
Slime:5
Orc:1:    layout_diamond_mine, nicolae_orc_tapped_out
Orc:2:    st_orc_rangers, layout_caves, portal_ice_cave_demonic_guard,
          serial_shops, nicolae_shop_temple_entry_statues_fountains,
          guppyfry_library_mini, uniq_maurice

Skill      XL: |  1  2  3  4  5  6  7  8  9 10 11 12 13 14 15 16 17 18 19 |
---------------+----------------------------------------------------------+-----
Axes           | 4 5 6 7 9 10 12 14 16 18 19 20 21 23 25 | 25.0
Fighting       | 4 5 6 8 9 11 12 13 16 19 20 21 22 | 22.4
Dodging        | 3 4 5 6 7 9 10 11 12 | 12.7
Armour         | 3 4 5 6 8 10 11 13 15 17 18 | 18.5
Stealth        | 1 3 4 |  4.0
Evocations     | |  0.7

Action                   |  1- 3 |  4- 6 |  7- 9 | 10-12 | 13-15 | 16-18 | 19-21 || total
-------------------------+-------+-------+-------+-------+-------+-------+-------++-------
Melee: Hand axe          |    74 |     7 |       |       |       |       |       ||    81
       Headbutt          |     9 |    13 |    54 |   139 |   300 |   419 |   116 ||  1050
       War axe           |       |    60 |   265 |    44 |       |       |       ||   369
       Battleaxe         |       |       |       |   383 |  1071 |   549 |       ||  2003
       Executioner's axe |       |       |       |       |       |   713 |   315 ||  1028
Invok: Berserk           |     1 |     3 |     9 |    18 |    28 |    40 |    10 ||   109
       Trog's Hand       |       |       |     2 |     4 |    13 |     9 |     4 ||    32
       Brothers in Arms  |       |       |       |     2 |     8 |    21 |     1 ||    32
Evoke: Wand              |       |       |       |     3 |       |     1 |       ||     4
       Phantom mirror    |       |       |       |       |       |     1 |       ||     1
  Use: Scroll            |       |     9 |     5 |     8 |    38 |    21 |     2 ||    83
       Potion            |       |     2 |       |       |     2 |    11 |     3 ||    18
 Stab: Sleeping          |     1 |       |     3 |     1 |       |       |       ||     5
       Distracted        |       |       |     1 |     1 |     1 |     2 |       ||     5
Armor: Animal skin       |     8 |       |       |       |       |       |       ||     8
       Leather armour    |       |    11 |    80 |    14 |       |       |       ||   105
       Chain mail        |       |       |       |   179 |       |       |       ||   179
       Plate armour      |       |       |       |    92 |   228 |       |       ||   320
       Crystal plate arm |       |       |       |       |   577 |  1234 |   274 ||  2085
Dodge: Dodged            |    51 |    30 |   183 |   253 |   443 |   748 |   146 ||  1854

Table legend: (Time is in decaauts)
 A = Elapsed time spent in this place.
 B = Non-inter-level travel time spent in this place.
 C = Inter-level travel time spent in this place.
 D = Time resting spent in this place.
 E = Time spent auto-exploring this place.
 F = Levels seen in this place.
 G = Mean time per level.
                   A        B        C        D        E       F      G
               +--------+--------+--------+--------+--------+-----+--------+
         Total |  52037 |  43492 |   8545 |  12912 |  19943 |  41 | 1269.2 |
       Dungeon |  19865 |  17233 |   2632 |   2754 |  11468 |  15 | 1324.3 |
          Lair |   6811 |   5908 |    903 |    995 |   3680 |   6 | 1135.2 |
        Shoals |   8999 |   7108 |   1891 |   3376 |   1392 |   4 | 2249.8 |
   Spider Nest |   6315 |   5128 |   1187 |   2519 |   1126 |   4 | 1578.8 |
    Slime Pits |   5905 |   4366 |   1539 |   2380 |   1110 |   5 | 1181.0 |
  Orcish Mines |   1544 |   1153 |    391 |     24 |    716 |   2 |  772.0 |
         Abyss |   1331 |   1331 |      0 |    290 |    226 |   3 |  443.7 |
      Ice Cave |    538 |    538 |      0 |    390 |      0 |   1 |  538.0 |
      Gauntlet |    725 |    725 |      0 |    182 |    223 |   1 |  725.0 |
               +--------+--------+--------+--------+--------+-----+--------+

Top non-repeatable levels by time:
Shoals:3: 3190 daAuts
Spider:4: 2950 daAuts
  Lair:6: 2228 daAuts
 Slime:4: 2215 daAuts
Shoals:4: 2213 daAuts
    D:15: 1989 daAuts
    D:14: 1981 daAuts
Shoals:1: 1878 daAuts
Shoals:2: 1716 daAuts
 Slime:2: 1668 daAuts
    D:12: 1610 daAuts
     D:4: 1602 daAuts
    D:13: 1585 daAuts
    D:10: 1546 daAuts
     D:9: 1507 daAuts
